 Dungeon Crawl Stone Soup version 0.26-a0-1038-gfb849e850a (webtiles) character file.

Game seed: 12406168411454565677

415 Bardak the Digger (level 6, -1/48 HPs)
             Began as a Gargoyle Earth Elementalist on Dec 10, 2020.
             Slain by Pikel
             ... wielding a +1 whip of electrocution
              (7 damage)
             ... on level 4 of the Dungeon on Dec 11, 2020.
             The game lasted 00:11:21 (4020 turns).

Bardak the Digger (Gargoyle Earth Elementalist)     Turns: 4020, Time: 00:11:22

Health: -1/48      AC:  8    Str: 10 (13) XL:     6   Next: 92%
Magic:  6/12       EV: 12    Int: 14 (16) God:
Gold:   176        SH:  0    Dex:  7 (10) Spells: 4/13 levels left

rFire    . . .     SeeInvis +   e - +0 dagger
rCold    . . .     Faith    .   (no shield)
rNeg     + . .     Spirit   .   c - +0 robe
rPois    ∞         Reflect  .   s - +0 helmet (curse)
rElec    +         Harm     .   (no cloak)
rCorr    .         Rampage  .   (no gloves)
Will     .....                  n - +0 pair of boots
Stlth    ..........             (no amulet)
HPRegen  0.16/turn              h - ring of see invisible
MPRegen  0.13/turn              k - ring of wizardry

@: mighty, berserking, very quick
A: negative energy resistance 1, electricity resistance, unbreathing,
petrification resistance, rot immunity, AC +4
a: no special abilities


You were on level 4 of the Dungeon.
You visited 1 branch of the dungeon, and saw 4 of its levels.

You collected 176 gold pieces.

Inventory:

Hand Weapons
 e - a +0 dagger (weapon)
 q - a +0 flail
Missiles
 b - 77 stones (quivered)
Armour
 c - a +0 robe (worn)
 n - a +0 pair of boots (worn)
 s - a cursed +0 helmet (worn)
Jewellery
 h - a ring of see invisible (left hand)
 k - a ring of wizardry (right hand)
 l - an uncursed ring of ice {unknown}
Wands
 o - a wand of flame (15)
Scrolls
 f - 2 scrolls of amnesia
 i - a scroll of teleportation
Potions
 j - a potion of flight {unknown}
 m - a potion of lignification {unknown}
 p - a potion of heal wounds {unknown}
 r - 2 potions of curing


   Skills:
 - Level 1.5 Dodging
 - Level 2.1 Stealth
 + Level 4.2 Spellcasting
 + Level 3.7 Conjurations
 - Level 0.7 Transmutations
 + Level 6.1 Earth Magic


You had 4 spell levels left.
You knew the following spells:

 Your Spells              Type           Power        Failure   Level
a - Sandblast             Erth           ###...       1%          1
b - Stone Arrow           Conj/Erth      ###...       3%          3
c - Lee's Rapid Deconstr  Erth           ###.......   16%         5

Your spell library contained the following spells:

 Spells                   Type           Power        Failure   Level
 Passwall                 Tmut/Erth      ##......     2%          2
 Petrify                  Tmut/Erth      ##......     19%         4


Dungeon Overview and Level Annotations

Branches:
Dungeon (4/15)
 Temple: D:4-7

Altars:

Annotations:
D:4 Pikel


Innate Abilities, Weirdness & Mutations

You are resistant to torment.
Your stone body is resilient. (AC +4)
You are immune to poison.
You resist negative energy. (rN+)
You are resistant to electric shocks. (rElec)
You can survive without breathing.
You are immune to petrification.
You are immune to rotting.


Message History

You hit Pikel.
Pikel is heavily wounded.
Pikel hits you but does no damage.
You closely miss Pikel.
Pikel is heavily wounded.
Pikel barely misses you.
You hit Pikel but do no damage.
Pikel is heavily wounded.
You hit Pikel but do no damage.
Pikel is heavily wounded.
Pikel hits you with a +1 whip of electrocution.
* * * LOW HITPOINT WARNING * * *
You closely miss Pikel.
Pikel is heavily wounded.
Pikel hits you with a +1 whip of electrocution.
* * * LOW HITPOINT WARNING * * *
You puncture Pikel!
Pikel is almost dead.
Pikel hits you with a +1 whip of electrocution!
You die...

#.# #.# #.#
#.# #.# #.#
#####.#
#..@Kh##
.......###h##
.######
##.####
##55.#### ###
#......####.#
#..#........#
#..#####.....
#5.# ##.....
##5# #...###


You could see Pikel and 2 jackals.

Vanquished Creatures
  Menkaure (D:4)
  2 hounds (D:4)
  An orc wizard (D:3)
  An iguana (D:4)
  A worker ant (D:4)
  Robin (D:2)
  3 adders (D:3)
  4 gnolls (D:2)
  An ooze (D:1)
  3 worms
  2 dart slugs
  5 orcs (D:3)
  A giant cockroach (D:2)
  8 goblins
  7 hobgoblins
  A jackal (D:4)
  9 kobolds
  A quokka (D:2)
  A ball python skeleton (D:4)
  10 bats
  5 frilled lizards
  9 rats
77 creatures vanquished.

Notes
Turn   | Place    | Note
-------+----------+-------------------------------------------
     0 | D:1      | Bardak the Gargoyle Earth Elementalist began the quest for
                  | the Orb.
     0 | D:1      | Reached XP level 1. HP: 10/10 MP: 3/3
     8 | D:1      | Noticed an electric eel
   177 | D:1      | Reached skill level 4 in Earth Magic
   177 | D:1      | Reached XP level 2. HP: 12/15 MP: 3/5
   861 | D:1      | Reached XP level 3. HP: 18/19 MP: 6/6
   865 | D:1      | Learned a level 3 spell: Stone Arrow
  1715 | D:2      | Reached skill level 1 in Conjurations
  1718 | D:2      | Reached XP level 4. HP: 24/24 MP: 3/8
  1967 | D:2      | Noticed Robin
  1979 | D:2      | Killed Robin
  2471 | D:3      | Reached skill level 5 in Earth Magic
  2479 | D:3      | Reached XP level 5. HP: 27/28 MP: 3/9
  2565 | D:3      | Learned a level 5 spell: Lee's Rapid Deconstruction
  3791 | D:4      | Reached XP level 6. HP: 32/32 MP: 8/11
  3792 | D:4      | Upgraded the game from 0.26-a0-1033-gd598b01645 to
                  | 0.26-a0-1038-gfb849e850a
  3831 | D:4      | Noticed Menkaure
  3836 | D:4      | Killed Menkaure
  3839 | D:4      | Reached skill level 6 in Earth Magic
  3969 | D:4      | Noticed Pikel
  4020 | D:4      | Slain by Pikel

Illustrated notes

Levels and vault maps discovered:
D:1:      arrival_aquarium_a, layout_loops_cross, nrook_campfire
D:2:      layout_basic, grunt_decor_clamped, uniq_robin
D:3:      layout_basic
D:4:      layout_cave_pods, minmay_rat_hole, uniq_menkaure, uniq_pikel,
          uniq_edmund, uniq_eustachio

Skill      XL: |  1  2  3  4  5  6 |
---------------+-------------------+-----
Earth Magic    | 4 5 6 |  6.1
Conjurations   | 1 2 3 |  3.7
Spellcasting   | 3 4 |  4.2
Dodging        | |  1.5
Stealth        | |  2.1
Transmutations | |  0.7

Action                   |  1- 3 |  4- 6 || total
-------------------------+-------+-------++-------
Melee: Unarmed           |     2 |       ||     2
       Dagger            |   119 |   131 ||   250
 Cast: Sandblast         |    16 |    57 ||    73
       Stone Arrow       |       |     2 ||     2
  Use: Scroll            |       |     7 ||     7
       Potion            |       |     4 ||     4
 Stab: Sleeping          |     1 |     3 ||     4
       Distracted        |     1 |       ||     1
Armor: Robe              |    62 |    56 ||   118
Dodge: Dodged            |    89 |    95 ||   184

Table legend: (Time is in decaauts)
 A = Elapsed time spent in this place.
 B = Non-inter-level travel time spent in this place.
 C = Inter-level travel time spent in this place.
 D = Time resting spent in this place.
 E = Time spent auto-exploring this place.
 F = Levels seen in this place.
 G = Mean time per level.
                   A        B        C        D        E       F      G
               +--------+--------+--------+--------+--------+-----+--------+
         Total |   4015 |   3931 |     84 |    253 |   2887 |   4 | 1003.8 |
       Dungeon |   4015 |   3931 |     84 |    253 |   2887 |   4 | 1003.8 |
               +--------+--------+--------+--------+--------+-----+--------+

Top non-repeatable levels by time:
     D:3: 1363 daAuts
     D:2: 1260 daAuts
     D:1: 1047 daAuts
     D:4: 343 daAuts
